Map: Kairos Junction LE

Players

soul - Winner!

  • Race: Terran Terran
  • League: Grandmaster
  • Spawn Location: 5:00

MarineLorD

  • Race: Terran Terran
  • League: Grandmaster
  • Spawn Location: 11:00

Event: 2019 WCS Winter Europe

VOD

Have the link to the VOD?

Description

Time

  • Played on: Feb. 8, 2019, 11:29 a.m.
  • Length: 14:55

All games in this series

Show
View Real Time Build Order
Export as new Build Order

soul Terran - Winner!

Build Orders: Reaper Expand 

Get SALT Encoding   

  12  0:00  SCV  
  13  0:13  SCV  
  14  0:17  Supply Depot  
  14  0:25  SCV  
  15  0:39  SCV  
  15  0:42  Barracks  
  16  0:46  Refinery  
  16  0:51  SCV  
  17  1:03  SCV  
  18  1:17  SCV  
  19  1:29  Reaper, Orbital Command  
  20  1:40  Command Center  
  20  1:51  Supply Depot  
  20  1:55  SCV  
  20  2:01  Marine  
  21  2:05  Factory  
  21  2:08  SCV  
  23  2:13  Refinery  
  23  2:18  Bunker  
  23  2:20  SCV  
  24  2:24  Barracks Reactor  
  24  2:32  SCV  
  25  2:45  SCV  
  25  2:49  Hellion  
  28  2:51  Starport  
  28  2:53  Orbital Command  
  28  2:58  SCV  
  29  3:01  Marine x2  
  31  3:08  Refinery  
  31  3:10  SCV  
  31  3:11  Factory Tech Lab  
  32  3:18  Marine  
  32  3:19  Marine  
  34  3:20  SCV  
  34  3:22  SCV  
  36  3:32  SCV  
  37  3:34  SCV  
  37  3:36  Raven, Factory Tech Lab  
  37  3:41  Marine, Supply Depot  
  40  3:43  Marine  
  40  3:44  SCV  
  40  3:47  SCV  
  44  3:55  Supply Depot  
  44  3:56  SCV  
  44  3:59  Marine  
  44  4:02  SCV, Siege Tank  
  50  4:08  SCV  
  51  4:13  Supply Depot x2  
  51  4:14  SCV  
  52  4:18  Raven  
  54  4:25  SCV  
  54  4:29  SCV  
  56  4:31  Barracks  
  56  4:33  Barracks  
  56  4:39  SCV, Stimpack  
  56  4:41  SCV, Factory Tech Lab  
  58  4:51  SCV  
  59  4:53  SCV  
  60  5:00  Command Center  
  60  5:01  Siege Tank  
  60  5:03  SCV  
  60  5:05  SCV  
  65  5:11  Starport Reactor, Supply Depot  
  65  5:16  SCV  
  65  5:20  Engineering Bay, Refinery  
  65  5:21  SCV  
  66  5:23  Engineering Bay  
  66  5:28  Barracks Reactor  
  66  5:29  SCV  
  66  5:32  Marine x2  
  66  5:33  Marauder  
  71  5:36  Supply Depot  
  71  5:38  Supply Depot  
  71  5:40  Siege Tank  
  71  5:42  SCV  
  75  5:48  Terran Infantry Weapons Level 1  
  75  5:51  Terran Infantry Armor Level 1  
  75  5:58  Supply Depot  
  75  6:01  Marine  
  75  6:02  Marauder, Medivac x2, Marine  
  81  6:04  SCV  
  81  6:07  SCV, Supply Depot  
  81  6:08  Marine  
  83  6:16  SCV  
  84  6:19  SCV, Marine x2  
  84  6:23  Marine  
  84  6:24  Supply Depot x2  
  88  6:29  Siege Tank  
  88  6:32  SCV x2  
  93  6:37  Marine  
  93  6:41  Marine  
  93  6:44  SCV, Combat Shield  
  96  6:47  Orbital Command, Supply Depot  
  96  6:52  Barracks  
  96  6:53  Marine x2  
  97  6:55  Barracks  
  97  6:58  SCV  
  97  7:00  Marine  
  99  7:01  Marauder  
  99  7:03  SCV  
  99  7:04  Marine  
  99  7:06  Armory  
  101  7:10  SCV  
  101  7:11  Marine  
  101  7:12  Marine, Supply Depot  
  104  7:18  SCV x2, Marine  
  104  7:22  SCV  
  108  7:27  Refinery x2  
  108  7:29  Armory  
  108  7:30  SCV x2, Siege Tank  
  108  7:34  SCV  
  114  7:42  SCV  
  115  7:46  SCV  
  115  7:47  SCV  
  115  7:49  Marine  
  115  7:50  Marauder  
  120  7:52  Concussive Shells  
  120  7:53  Marauder, Barracks Tech Lab  
  120  7:54  SCV  
  120  7:56  Command Center  
  120  7:58  Terran Vehicle And Ship Armor Level 1, SCV  
  124  8:00  SCV  
  125  8:06  SCV  
  125  8:07  Marine  
  125  8:11  Marauder, SCV  
  130  8:14  Marauder  
  130  8:19  Marauder, Marine  
  135  8:21  Medivac x2  
  137  8:31  Terran Ship Weapons Level 1  
  137  8:34  Starport  
  137  8:35  Starport  
  137  8:39  Terran Infantry Weapons Level 2  
  137  8:41  Supply Depot  
  137  8:47  Marauder, Marine  
  140  8:50  Marine  
  140  8:51  Marauder, Viking x2  
  140  8:52  Siege Tank, Marine  
  140  8:53  Marauder  
  140  8:54  Marine  
  151  9:00  SCV  
  152  9:05  Marine  
  152  9:08  Planetary Fortress  
  152  9:09  Marauder, SCV  
  153  9:10  SCV  
  153  9:12  Marauder, SCV, Marine  
  153  9:14  Marauder  
  153  9:16  Marine  
  148  9:18  Marine  
  148  9:21  Viking, SCV  
  148  9:23  Viking  
  151  9:28  SCV, Marine  
  147  9:34  SCV  
  146  9:44  SCV  
  146  9:45  SCV x2  
  150  9:46  Marauder x2  
  150  9:50  Starport Reactor  
  150  9:56  Fusion Core  
  150  9:57  SCV, Refinery  
  150  9:59  Refinery  
  151  10:02  SCV  
  151  10:06  Marauder, Viking x2  
  158  10:08  Raven  
  158  10:10  Command Center  
  158  10:11  SCV x3  
  164  10:14  SCV  
  164  10:20  Supply Depot  
  164  10:23  SCV x3  
  164  10:24  Sensor Tower  
  163  10:30  Viking x2  
  164  10:36  Viking x2  
  164  10:39  Terran Ship Weapons Level 2  
  168  10:43  Terran Vehicle And Ship Armor Level 2  
  168  10:51  Viking  
  170  11:00  Viking x2  
  174  11:06  Viking x2  
  178  11:13  Starport  
  178  11:14  Starport  
  176  11:21  Viking  
  176  11:32  Orbital Command  
  180  11:36  Advanced Ballistics, Refinery  
  180  11:37  Command Center, Liberator x5  
  186  11:46  Liberator  
  191  11:55  Sensor Tower  
  190  12:06  Viking, Command Center  
  195  12:20  Liberator  
  194  12:34  Liberator  
  194  12:36  Viking  
  196  12:43  Liberator  
  199  12:48  Liberator  
  194  12:53  Command Center  
  194  12:54  Liberator  
  194  12:55  Liberator  
  197  13:02  Liberator  
  184  13:13  Liberator  
  185  13:20  Liberator  
  185  13:26  Liberator  
  186  13:31  Liberator  
  186  13:32  Marine  
  186  13:33  Marauder x2, Marine x4  
  179  13:37  Liberator  
  182  13:50  Marine  
  182  13:51  Liberator, Marine x4  
  182  13:54  Marine x2  
  192  14:00  Orbital Command  
  192  14:06  SCV  
  192  14:08  Marine  
  192  14:09  Marauder  
Show
View Real Time Build Order
Export as new Build Order

MarineLorD Terran 

Build Orders: Mech 

Get SALT Encoding   

  12  0:00  SCV  
  13  0:12  SCV  
  14  0:17  Supply Depot  
  14  0:24  SCV  
  15  0:28  Refinery  
  15  0:38  SCV, Refinery  
  16  0:50  SCV  
  16  0:56  Barracks  
  17  1:03  SCV  
  18  1:15  SCV  
  19  1:27  SCV  
  20  1:42  Orbital Command  
  20  1:43  Reaper  
  20  1:44  Factory  
  21  1:53  Supply Depot  
  21  2:08  SCV  
  21  2:15  Reaper  
  23  2:20  SCV  
  24  2:28  Hellion  
  26  2:33  SCV  
  26  2:34  Command Center  
  27  2:45  SCV  
  27  2:47  Reaper  
  27  2:49  Hellion  
  27  2:51  Supply Depot  
  31  3:02  Starport  
  31  3:10  Factory Tech Lab  
  31  3:12  SCV  
  32  3:19  Barracks Tech Lab  
  32  3:24  SCV  
  33  3:29  Refinery  
  33  3:30  Cyclone  
  36  3:36  SCV  
  37  3:48  SCV, Orbital Command  
  38  4:00  Raven  
  38  4:01  SCV  
  41  4:03  Cyclone, Refinery  
  44  4:13  SCV  
  44  4:14  SCV  
  46  4:21  Supply Depot  
  46  4:25  SCV  
  46  4:26  SCV  
  48  4:37  SCV, Siege Tank  
  52  4:41  Command Center  
  52  4:43  SCV  
  53  4:46  Raven  
  53  4:47  Barracks Reactor  
  53  4:49  SCV  
  56  4:55  SCV  
  57  5:00  Supply Depot  
  57  5:02  SCV  
  58  5:07  SCV  
  58  5:09  Siege Tank  
  62  5:19  Supply Depot  
  62  5:21  Supply Depot  
  62  5:22  SCV x2  
  62  5:27  Armory x2  
  64  5:34  SCV x2  
  66  5:39  Viking x2  
  70  5:46  SCV x2  
  72  5:50  Siege Tank  
  72  5:54  Orbital Command  
  75  5:58  SCV  
  75  5:59  SCV  
  77  6:09  Viking x2  
  77  6:10  SCV  
  82  6:12  SCV  
  82  6:18  Terran Vehicle Weapons Level 1  
  83  6:19  Refinery  
  83  6:20  Refinery  
  83  6:21  Terran Vehicle And Ship Armor Level 1  
  83  6:22  SCV  
  83  6:23  Siege Tank  
  83  6:25  SCV  
  88  6:26  SCV  
  89  6:34  SCV  
  89  6:37  SCV  
  89  6:39  Viking x2  
  95  6:45  SCV  
  95  6:46  SCV  
  97  6:51  SCV, Supply Depot x2  
  97  6:55  Siege Tank  
  97  6:57  SCV  
  97  6:58  SCV  
  100  7:08  SCV  
  100  7:09  Factory  
  100  7:11  Factory, Barracks Reactor  
  100  7:12  Viking x2  
  100  7:15  SCV, Supply Depot  
  106  7:17  Supply Depot  
  106  7:19  SCV  
  107  7:25  SCV, Liberator x2  
  107  7:28  SCV  
  109  7:31  Siege Tank  
  109  7:35  SCV  
  107  7:40  SCV  
  113  7:46  SCV  
  113  7:48  SCV  
  113  7:49  Engineering Bay, Supply Depot  
  115  7:54  Supply Depot  
  115  7:57  SCV, Factory  
  115  7:58  SCV, Factory  
  117  8:03  Siege Tank  
  120  8:10  Hellbat x2, Siege Tank  
  127  8:17  Liberator x2  
  127  8:21  Sensor Tower  
  127  8:22  Missile Turret x2  
  127  8:26  Command Center  
  131  8:40  Hellbat x2, Siege Tank  
  132  8:49  SCV  
  132  8:52  Siege Tank  
  132  8:54  Factory Reactor, Factory Tech Lab  
  132  8:55  SCV  
  137  9:01  Hellbat x2  
  137  9:02  Missile Turret  
  138  9:03  SCV  
  133  9:12  SCV x2  
  132  9:18  SCV  
  133  9:24  Supply Depot  
  133  9:27  Supply Depot  
  131  9:35  Terran Vehicle Weapons Level 2  
  131  9:38  Siege Tank  
  131  9:45  Refinery  
  128  9:50  Refinery  
  128  9:56  Missile Turret, Siege Tank  
  128  9:59  Hellbat x2  
  135  10:03  SCV x2  
  135  10:06  SCV  
  138  10:15  SCV  
  138  10:16  SCV  
  138  10:18  SCV  
  141  10:22  Infernal Pre-Igniter  
  141  10:27  SCV  
  142  10:32  SCV  
  142  10:35  SCV  
  142  10:38  Sensor Tower  
  142  10:39  SCV  
  142  10:40  Missile Turret, Refinery  
  142  10:42  Refinery  
  143  10:44  SCV  
  143  10:49  Planetary Fortress  
  145  10:52  Siege Tank  
  148  10:59  SCV  
  148  11:01  Supply Depot  
  148  11:02  Supply Depot  
  148  11:03  Terran Vehicle And Ship Armor Level 2, Supply Depot x2  
  148  11:04  SCV, Siege Tank x2, Supply Depot  
  148  11:06  Supply Depot  
  148  11:07  Missile Turret  
  153  11:15  Viking  
  153  11:16  Viking  
  153  11:19  Hellbat x2  
  154  11:26  Missile Turret  
  154  11:30  Thor  
  154  11:32  Hellbat  
  162  11:39  Missile Turret  
  162  11:41  Thor  
  162  11:46  Thor  
  174  12:04  Missile Turret  
  174  12:09  Terran Vehicle Weapons Level 3  
  174  12:13  Thor  
  180  12:23  Thor  
  190  12:33  Thor  
  189  12:51  Command Center  
  189  12:52  Command Center  
  188  13:00  Thor  
  183  13:06  Thor  
  181  13:16  Hellbat x3, Thor  
  181  13:17  Hellbat  
  160  13:38  Hellbat  
  160  13:39  Hellbat x2, Liberator  
  160  13:40  Liberator  
  152  13:42  Thor  
  152  13:48  Hellbat  
  160  13:49  SCV x4, Thor  
  164  13:56  Command Center  
  164  13:59  Thor  
  164  14:01  SCV x2  
Tags
 
Add a new tag
Caveats
  • Supply blocks, unpowered buildings, or Contaminate may cause inaccurate times.
  • Supply counts are checked every 10 seconds.